 Dungeon Crawl Stone Soup version 0.14-a0-1266-g856eec9 (webtiles) character file.

81 M4edhros the Stinger (level 3, -2/21 HPs)
             Began as an Octopode Venom Mage on Dec 3, 2013.
             Killed from afar by an orc wizard (7 damage)
             ... with a magic dart
             ... on Level 4 of the Dungeon.
             The game lasted 00:01:25 (1359 turns).

M4edhros the Stinger (Octopode Venom Mage)          Turns: 1359, Time: 00:01:26

HP  -2/21        AC  1     Str  7      XL: 3   Next:  6%
MP   6/6         EV 12     Int 18      God:
Gold 56          SH  0     Dex 12      Spells:  1 memorised,  5 levels left

rFire  . . .     SeeInvis .     j - +2,+0 short sword (holy)
rCold  . . .     Clarity  .     (no shield)
rNeg   . . .     Conserve .     (helmet restricted)
rPois  .         rCorr    .     (no amulet)
rElec  .         rRot     .     (no ring)
SustAb . .       Spirit   .     (no ring)
rMut   .         Warding  .     (no ring)
Saprov . . .     Stasis   .     (no ring)
                                (no ring)
                                (no ring)
                                (no ring)
                                (no ring)

@: not resistant to hostile enchantments, quite stealthy
A: almost no armour, amphibious, 8 rings, constrict 8, camouflage 1, gelatinous
body 1
a: no special abilities


You were on level 4 of the Dungeon.
You were hungry.

You visited 1 branch of the dungeon, and saw 4 of its levels.

You collected 56 gold pieces.

Inventory:

Hand weapons
 i - a +0,+0 short sword
 j - a +2,+0 short sword of holy wrath (weapon)
Magical devices
 o - a wand of slowing (13)
Comestibles
 c - a bread ration
 f - an orange
Scrolls
 e - a scroll of remove curse {unknown}
 g - 2 scrolls of magic mapping {unknown}
 k - a scroll of enchant weapon I {unknown}
 l - a scroll of amnesia {unknown}
 m - a scroll of identify {unknown}
Potions
 a - a potion of mutation {unknown}
 d - a potion of restore abilities {unknown}
 h - a potion of degeneration {unknown}
 n - a potion of speed {unknown}
 p - a potion of heal wounds {unknown}
Books
 b - a Young Poisoner's Handbook

   Spells                             Type                      Level
   *Sting                             Conjuration/Poison           1
   Cure Poison                        Poison                       2
   Mephitic Cloud                     Conjuration/Poison/Air       3
   Olgreb's Toxic Radiance            Poison                       4
   Venom Bolt                         Conjuration/Poison           5


   Skills:
 - Level 2.0 Dodging
 - Level 2.6 Stealth
 + Level 2.3 Spellcasting
 + Level 1.4 Conjurations
 + Level 5.2 Poison Magic


You had 5 spell levels left.
You knew the following spells:

 Your Spells              Type           Power        Failure   Level  Hunger
a - Sting                 Conj/Pois      ##..         6%          1    #......


Dungeon Overview and Level Annotations

Branches:
Dungeon (4/16)
 Temple: D:4-7

Altars:

Annotations:
D:4 Edmund


Innate Abilities, Weirdness & Mutations

You cannot wear most types of armour.
You are amphibious.
You can wear up to eight rings at the same time.
You can use your tentacles to constrict many enemies at once.
Your skin changes colour to match your surroundings (Stlth).
Your rubbery body absorbs attacks (AC +1).


Message History

An adder, 2 hobgoblins, an orc wizard and a crimson imp come into view.
The orc wizard shouts!
Edmund shouts!
The crimson imp hits you but does no damage.
Edmund hits you with a dire flail!
Ouch! That really hurt!
* * * LOW HITPOINT WARNING * * *
Found a murky red potion.
Evoke which item? (* to show all) (? for menu, Esc to quit)
Okay, then.
Evoke which item? (* to show all) (? for menu, Esc to quit)
Zapping:
o - a gold wand
Press: ? - help, Shift-Dir - straight line The crimson imp seems to slow down.
o - a wand of slowing {zapped: 1} The crimson imp misses you.
The orc wizard glows brightly for a moment.
The crimson imp blinks!
The orc wizard casts a spell at you. The magic dart hits you!
You die...

###.#........#.#
....#.....##.#
#.#......#!#@......
##.#.....o.###.......
#...#...%............
#..##................
##.###..............
#..................
##..@.............
##..............
#...............
##.....##.......
##.............
##............
#...........#
##.....###..### ..
#....###...#.#....


You could see an orc wizard.

Vanquished Creatures
  A bat (D:2)
  4 goblins
  4 hobgoblins
  2 jackals (D:2)
  2 kobolds
  A quokka (D:4)
  4 giant cockroaches
  A giant newt (D:1)
  4 rats
23 creatures vanquished.

Notes
Turn   | Place    | Note
--------------------------------------------------------------
     0 | D:1      | M4edhros, the Octopode Venom Mage, began the quest for the Orb.
     0 | D:1      | Reached XP level 1. HP: 11/11 MP: 3/3
   516 | D:1      | Reached skill level 5 in Poison Magic
   572 | D:1      | Reached XP level 2. HP: 3/17 MP: 4/4
   861 | D:1      | Reached skill level 1 in Conjurations
  1315 | D:4      | Reached XP level 3. HP: 18/21 MP: 6/6
  1346 | D:4      | Noticed Edmund
  1359 | D:4      | Killed from afar by an orc wizard

Action                   || total
-------------------------++-------
Melee: Unarmed           ||    33
       Short sword       ||    34
 Cast: Sting             ||     3
Evoke: Wand              ||     1
 Stab: Sleeping          ||     8
